Unix NetHack Version 5.0.0-0 post-release - last build May  4 2026 22:22:43 (774f63e81ad911689b3a0859ea89b322d5daca8d,branch:main).

Game began 2026-05-08 05:50:55, ended 2026-05-08 06:11:53.

246786432, neutral female human Monk

                                                            .-----
                                                            ..@...
                                                            -.d.<.
                                                            |.....

246786432 the Candidate         St:16 Dx:18 Co:11 In:11 Wi:12 Ch:8  Neutral
Dlvl:4  $:49 HP:0(14) Pw:5(5) AC:4  Xp:1 T:727 

Latest messages:
 What do you want to wield? [- or ?*] <esc>
 Never mind.
 What do you want to wield? [- or ?*] ?
 Never mind.
 You don't have anything else to wear.
 You don't have anything else to wear.
 You don't have anything else to wear.
 What do you want to wield? [- or ?*] ?
 Never mind.
 You miss the jackal.
 The jackal bites!
 You kill the jackal!
 The jackal misses!
 You see here a jackal corpse.
 The jackal bites!
 The jackal bites!
 You kill the jackal!
 You see here a jackal corpse.
 v - a jackal corpse.
 You see here a jackal corpse.
 You have a little trouble lifting a jackal corpse.  Continue? [ynq] (q) q
 There is a jackal corpse here; eat it? [ynq] (n) y
 You feel guilty.
 This jackal corpse tastes terrible!
 You finish eating the jackal corpse.
 This door is locked.
 This door is locked.
 In what direction? 2
 As you kick the door, it crashes open!
 The newt misses!
 You kill the newt!
 You see here a newt corpse.
 w - a newt corpse.
 You see here 4 gold pieces.
 $ - 4 gold pieces (49 in total).
 You descend the stairs.
 You hit the little dog!
 You hit the little dog!
 The little dog bites!
 The little dog bites!
 The little dog misses!
 The little dog just misses!
 The little dog bites!
 The little dog bites!
 You die...
 Do you want your possessions identified? [ynq] (y) y
 Do you want to see your attributes? [ynq] (y) y
 Do you want an account of creatures vanquished? [ynaq] (y) y
 Do you want to see your conduct and achievements? [ynq] (y) y
 Do you want to see the dungeon overview? [ynq] (y) y

Inventory:
 Coins    ('$')
  $ - 49 gold pieces
 Armor    ('[')
  a - an uncursed +2 pair of leather gloves (being worn)
  b - an uncursed +1 robe (being worn)
 Comestibles  ('%')
  f - 6 uncursed apples
  e - 4 uncursed food rations
  m - a cursed food ration
  h - 3 uncursed fortune cookies
  s - an uncursed fortune cookie
  u - an uncursed lembas wafer
  g - 6 uncursed oranges
  n - a cursed egg
  v - an uncursed jackal corpse
  w - an uncursed newt corpse
 Scrolls  ('?')
  o - an uncursed scroll of identify
  c - a blessed scroll of teleportation
 Spellbooks  ('+')
  i - a blessed spellbook of protection
 Potions  ('!')
  d - 3 uncursed potions of healing
 Wands    ('/')
  q - a wand of light (0:12)
 Tools    ('(')
  j - a magic marker (0:21)
 Gems/Stones  ('*')
  r - 2 uncursed fluorite stones
  l - an uncursed worthless piece of black glass
 Boulders/Statues  ('`')
  t - an empty uncursed statue of a gecko

246786432 the Monk's attributes:

Background:
 You were a Candidate, a level 1 female human Monk.
 You were neutral, on a mission for Chih Sung-tzu
 who was opposed by Shan Lai Ching (lawful) and Huan Ti (chaotic).
 You were right-handed.
 You were in the Gnomish Mines, on level 4.
 You entered the dungeon 727 turns ago.
 You had 18 experience points, 2 more were needed to attain level 2.

Basics:
 You had 0 out of 14 hit points.
 You had all 5 energy points (spell power).
 Your armor class was 4.
 Your wallet contained 49 zorkmids.
 Autopickup was off.

Final Characteristics:
 Your strength was 16 (limit:18/100).
 Your dexterity was 18 (limit:18).
 Your constitution was 11 (limit:18).
 Your intelligence was 11 (limit:18).
 Your wisdom was 12 (limit:18).
 Your charisma was 8 (limit:18).

Final Status:
 You weren't hungry.
 You were unencumbered.
 You were empty handed.
 You had basic skill with martial arts.

Final Attributes:
 You were fervently aligned.
 You were sleep resistant.
 You saw invisible.
 You were guarded.
 Your spell casting was enhanced by wearing a robe.
 You were fast.
 You are dead.

Miscellaneous:
 You encountered 1 bones level.
 Total elapsed playing time was 14 minutes and 53 seconds.

Major events:
 Turn
    1: 246786432 the neutral female human Monk entered the dungeon
  720: entered the Gnomish Mines
  727: killed by a little dog

Spells:
 Name                 Level Category     Fail Retention
 protection             1   clerical       0%  76%-100%

Skills:
 Fighting Skills
   martial arts       [Basic]
 Weapon Skills
   quarterstaff       [Unskilled]
   spear              [Unskilled]
   crossbow           [Unskilled]
   shuriken           [Unskilled]
 Spellcasting Skills
   attack spells      [Unskilled]
   healing spells     [Basic]
   divination spells  [Unskilled]
   enchantment spells [Unskilled]
   clerical spells    [Unskilled]
   escape spells      [Unskilled]
   matter spells      [Unskilled]

Voluntary challenges:
 Character rerolling was not enabled.
 You were an atheist.
 You never hit with a wielded weapon.
 You were illiterate.
 You never genocided any monsters.
 You never polymorphed an object.
 You never changed form.
 You used no wishes.
Achievements:
 You entered a shop.
 You entered the Gnomish Mines.

 The Dungeons of Doom: levels 1 to 4
    Level 1:
       A fountain.
    Level 2:
       A general store.
    Level 3:
       An altar.
       Stairs down to The Gnomish Mines.
    Level 4:
 The Gnomish Mines:
    Level 4: <- You were here.
       Final resting place for
          you, killed by a little dog,
          BeardyHaddock-Arc-Gno-Mal-Neu, killed by a hobbit.


Vanquished creatures:
  6 jackals
  a grid bug
  2 lichens
  a kobold zombie
  2 newts
12 creatures vanquished.

No species were genocided or became extinct.

Game over:
                       ----------
                      /          \
                     /    REST    \
                    /      IN      \
                   /     PEACE      \
                  /                  \
                  |    246786432     |
                  |      49 Au       |
                  |   killed by a    |
                  |    little dog    |
                  |                  |
                  |                  |
                  |       2026       |
                 *|     *  *  *      | *
        _________)/\\_//(\/(/\)/\//\/|_)_______

Goodbye 246786432 the Monk...

You died in The Gnomish Mines on dungeon level 4 with 267 points,
and 49 pieces of gold, after 727 moves.
You were level 1 with a maximum of 14 hit points when you died.

